Cogmind - Beta 13 @@@ ROGUE MODE // 2024.06.19 @ 05:59:52 Player: doughoff Result: Self-destructed Performance ------------- Evolutions (9) 4500 Regions Visited (19) 3800 Robots Destroyed (71) 355 Value Destroyed (2043) 2043 Prototype IDs (29) 580 Alien Tech Used (0) 0 Bonus (484) 484 TOTAL SCORE: 11762 Bonus ------- Follower Combat Kills 184 Aligned with FarCom 300 Cogmind --------- Core Integrity 392/1600 Matter 193/300 Energy 71/100 System Corruption 14% Temperature Cool (0) Movement Core (200) Ox3 Location -1/Access Parts ------- > --- POWER (2) -------- (None) > --- PROPULSION (8) --- (None) > --- UTILITY (13) ----- (None) > --- WEAPON (2) ------- Linear Accelerator > --- INVENTORY (5) ---- Terrain Scan Processor Advanced Transmission Jammer Advanced ECM Suite Backup Laser I Improved Plasma Cutter Peak State ------------ > --- POWER ------------ Micro Antimatter Reactor Micro Antimatter Reactor > --- PROPULSION ------- Improved VTOL Module Improved VTOL Module Improved VTOL Module Improved Cesium-ion Thruster Nuclear Pulse Array Field Propulsion Array > --- UTILITY ---------- Medium Storage Unit Structural Scanner Enhanced Optical Array Long-range Sensor Array Advanced Signal Interpreter Advanced Transmission Jammer ECM Suite Hacking Suite Hacking Suite Improved Hacking Suite > --- WEAPON ----------- Nova Cannon Scythe > --- INVENTORY -------- High-density Centrium Wheel Improved VTOL Module Impulse Thruster Array Advanced Sensor Array Advanced ECM Suite Backup Laser I Improved Plasma Cutter [Rating: 112] Favorites ----------- Power Micro Nuclear Core Engine Light Ion Engine Power Core Micro Nuclear Core Reactor Micro Antimatter Reactor Propulsion Improved VTOL Module Treads Light Treads Wheel Compact Wheel Hover Unit Improved Gyrokinetic Inverter Flight Unit Improved VTOL Module Utility Hacking Suite Device Improved Heat Sink Storage Medium Storage Unit Processor Transport Network Coupler Hackware Hacking Suite Protection Reflective Plating Weapon Longsword +1 Energy Gun Backup Laser I Energy Cannon Nova Cannon Ballistic Gun Light Assault Rifle Ballistic Cannon Improved Light Cannon Launcher Grenade Launcher Slashing Weapon Longsword +1 Piercing Weapon CR-A16's Pointy Stick Build | -11 -10 -10 -10 -9 -8 -7 -7 -6 -6 -6 -6 -5 -5 -4 -4 -4 -3 -2 -1 ------- Run | Yrd Mat Min Exi Min Mat Fac Sto Fac Low Low Zio Pro Fac Fac Ext Cet Res Res Acc Slots Evolved 18 | . . . . . 4 2 . 2 . . . . 2 2 . . 2 2 2 Power 1 | . . . . . . . . . . . . . 1 . . . . . . Propulsion 6 | . . . . . 2 1 . . . . . . 1 . . . 1 1 . Utility 11 | . . . . . 2 1 . 2 . . . . . 2 . . 1 1 2 Weapon . | . . . . . . . . . . . . . . . . . . . . Parts Attached 178 | 6 9 1 4 . 59 9 4 5 . 2 1 6 12 6 15 2 16 8 13 Power 13 | 1 1 . . . 3 1 . . . . . 2 . 1 2 . 2 . . Engine 5 | 1 1 . . . 2 . . . . . . . . . 1 . . . . Core 5 | . . . . . 1 1 . . . . . 2 . . 1 . . . . Reactor 3 | . . . . . . . . . . . . . . 1 . . 2 . . Propulsion 33 | 2 2 . 1 . 13 1 . . . . . . 2 . 2 1 1 4 4 Treads 12 | 2 2 . 1 . 7 . . . . . . . . . . . . . . Leg . | . . . . . . . . . . . . . . . . . . . . Wheel 3 | . . . . . 2 . . . . . . . . . . . . . 1 Hover 1 | . . . . . . . . . . . . . . . . . . . 1 Flight 17 | . . . . . 4 1 . . . . . . 2 . 2 1 1 4 2 Utility 72 | 1 3 . . . 17 7 2 5 . 2 . 4 9 3 4 1 7 3 4 Device 26 | . 2 . . . 4 3 1 1 . 1 . 2 3 1 2 . 3 . 3 Storage 6 | 1 1 . . . 3 . . . . . . . . . . . . 1 . Processor 3 | . . . . . 1 . . . . . . . 1 . . . . . 1 Hackware 11 | . . . . . 1 1 . 2 . . . . 2 1 1 . 1 2 . Protection 26 | . . . . . 8 3 1 2 . 1 . 2 3 1 1 1 3 . . Artifact . | . . . . . . . . . . . . . . . . . . . . Weapon 60 | 2 3 1 3 . 26 . 2 . . . 1 . 1 2 7 . 6 1 5 Energy Gun 1 | 1 . . . . . . . . . . . . . . . . . . . Energy Cannon 5 | . . . . . . . . . . . . . . . . . 2 1 2 Ballistic Gun 18 | 1 3 . 1 . 10 . . . . . . . . . 3 . . . . Ballistic Cannon 8 | . . . . . 5 . . . . . . . . . . . . . 3 Launcher 5 | . . 1 1 . 2 . 1 . . . . . . . . . . . . Special Weapon . | . . . . . . . . . . . . . . . . . . . . Impact Weapon . | . . . . . . . . . . . . . . . . . . . . Slashing Weapon 17 | . . . 1 . 9 . 1 . . . . . . 1 2 . 3 . . Piercing Weapon 6 | . . . . . . . . . . . 1 . 1 1 2 . 1 . . Special Melee Weapon . | . . . . . . . . . . . . . . . . . . . . Unidentified Prototypes 2 | . . . . . . . 1 . . . . . . . . . . . 1 Parts Lost 29 | . 1 . . . 6 . . . . . . 4 . . 2 2 3 3 8 Power 5 | . . . . . 1 . . . . . . 2 . . 1 . 1 . . Propulsion 8 | . 1 . . . 2 . . . . . . . . . . 1 . . 4 Utility 13 | . . . . . 2 . . . . . . 2 . . 1 . 2 3 3 Weapon 3 | . . . . . 1 . . . . . . . . . . 1 . . 1 Highest Loss Streak 6 | . 1 . . . 2 . . . . . . 2 . . 2 2 2 3 6 To Critical Strikes . | . . . . . . . . . . . . . . . . . . . . Average Slot Usage (%) 90 | . 96 96 78 100 94 92 92 92 93 93 93 90 86 89 91 78 83 84 62 Engine 4 | . 14 14 14 14 6 . . . . . . . . . . . . . . Core 1 | . . . . . . 7 7 6 6 6 6 6 5 5 5 5 2 . . Treads 16 | . 26 28 28 28 31 . . . . . . . . . . . . . . Wheel 1 | . . . . . 3 . . . . . . . . . . . . . . Flight 13 | . . . . . . 38 38 33 33 33 33 33 33 31 29 23 27 26 18 Device 9 | . 12 14 14 14 10 9 9 7 6 7 6 6 7 9 6 5 8 9 12 Storage 8 | . 14 14 14 14 9 7 7 6 6 6 6 6 5 5 5 5 4 4 3 Processor 3 | . . . . . 6 . . . . . . . . 5 5 5 4 4 7 Hackware 8 | . . . . . . 15 15 20 20 20 20 17 16 21 21 26 22 23 9 Protection 6 | . . . . . 9 4 4 10 13 11 13 13 8 5 7 5 3 2 . Ballistic Gun 6 | . 27 12 . 14 5 . . . . . . . . . 2 . . . . Ballistic Cannon 1 | . . . . . 3 . . . . . . . . . . . . . . Slashing Weapon 5 | . . . 7 . 8 7 7 6 6 6 1 . . 4 3 2 3 4 2 Naked Turns 15 | . . . . . . . . . . . . . . . . . . . 15 Heaviest Build 104 | 12 26 28 28 28 104 23 23 25 25 25 28 26 25 26 34 23 34 42 46 Greatest Support 83 | 40 40 40 40 40 83 25 25 25 25 25 25 25 30 30 34 34 39 49 49 Greatest Overweight (x) 2 | . 1 . . . 2 . . . . . 1 1 1 . 1 . . . 1 Average Overweight (x) . | . . . . . . . . . . . . . . . . . . . . Largest Inventory Capacity 25 | 8 15 15 15 15 25 10 10 10 10 10 10 10 10 10 10 10 10 10 10 Average Capacity 14 | 7 11 15 15 15 22 10 10 10 10 10 10 10 10 10 10 10 10 10 9 Most Carried 25 | 3 11 12 12 11 25 10 10 10 10 10 10 10 10 10 10 10 10 10 10 Average Carried 13 | 1 8 10 11 11 19 9 9 9 10 10 10 9 8 9 9 9 9 8 8 Final Capacity 15 | 8 15 15 15 15 10 10 10 10 10 10 10 10 10 10 10 10 10 10 5 Final Carried 12 | 3 10 12 11 11 10 10 10 10 10 10 10 8 10 10 10 9 9 10 5 Class Distribution -------------------- 36% | Hacker-Sprinter 34% | Scavenger-Mutant 22% | Mutant Dominant Class ---------------- Scavenger-Mutant | -10/Materials Scavenger-Mutant | -10/Mines Scavenger-Mutant | -10/Exiles Mutant | -9/Mines Scavenger-Mutant | -8/Materials Hacker-Sprinter | -7/Factory Hacker-Sprinter | -7/Storage Hacker-Sprinter | -6/Factory Hacker-Sprinter | -6/Lower Caves Hacker-Sprinter | -6/Lower Caves Hacker-Sprinter | -6/Zion Hacker-Sprinter | -5/Proximity Caves Hacker-Sprinter | -5/Factory Hacker-Sprinter | -4/Factory Hacker-Sprinter | -4/Extension Hacker-Sprinter | -4/Cetus Hacker-Sprinter | -3/Research Wizard-Sprinter | -2/Research Hacker-Ninja | -1/Access Resources | -11 -10 -10 -10 -9 -8 -7 -7 -6 -6 -6 -6 -5 -5 -4 -4 -4 -3 -2 -1 ----------- Run | Yrd Mat Min Exi Min Mat Fac Sto Fac Low Low Zio Pro Fac Fac Ext Cet Res Res Acc Matter Collected 2318 | 260 213 . . . 806 22 67 24 83 . 35 114 74 72 276 . 30 137 105 Remotely . | . . . . . . . . . . . . . . . . . . . . Salvage Created 2472 | . 403 . . . 1336 22 67 24 . . . . 39 103 421 . . . 57 Parts 138 | . 27 . . . 71 1 4 4 . . . . 4 7 16 . . . 4 Haulers Intercepted 7 | . 1 . . . 4 . 1 . . . . . . . 1 . . . . Recyclers Shooed 1 | . . . . . 1 . . . . . . . . . . . . . . Parts Field Recycled . | . . . . . . . . . . . . . . . . . . . . Retrieved Matter . | . . . . . . . . . . . . . . . . . . . . Parts Self-Destructed 1 | . . . . . . . . . . . . 1 . . . . . . . Prevented 1 | . . . . . . . . . 1 . . . . . . . . . . Kills | -11 -10 -10 -10 -9 -8 -7 -7 -6 -6 -6 -6 -5 -5 -4 -4 -4 -3 -2 -1 ------- Run | Yrd Mat Min Exi Min Mat Fac Sto Fac Low Low Zio Pro Fac Fac Ext Cet Res Res Acc Combat Hostiles Destroyed 41 | . 12 . . . 24 . . . . . . . . . 4 . . . 1 Melee 15 | . . . . . 12 . . . . . . . . . 3 . . . . Guns 20 | . 12 . . . 7 . . . . . . . . . 1 . . . . Cannons 4 | . . . . . 3 . . . . . . . . . . . . . 1 AOE 2 | . . . . . 2 . . . . . . . . . . . . . . Classes Destroyed 12 | . 4 . . . 6 . . . . . . . . . 1 . . . 1 Builder 7 | . . . . . 6 . . . . . . . . . . . . . 1 Tunneler 2 | . . . . . 1 . . . . . . . . . . . . . 1 Hauler 7 | . 1 . . . 4 . 1 . . . . . . . 1 . . . . Recycler 1 | . . . . . 1 . . . . . . . . . . . . . . Operator 3 | . . . . . 1 . . 1 . . . . . 1 . . . . . Watcher 10 | . 1 . . . 3 1 1 . . . . . 1 2 1 . . . . Swarmer 12 | . 6 . . . 6 . . . . . . . . . . . . . . Cutter 1 | . . . . . . . . . . . . . . . . . . . 1 Grunt 17 | . 6 . . . 11 . . . . . . . . . . . . . . Sentry 4 | . . . . . 3 . . . . . . . . . 1 . . . . Hunter 6 | . . . . . 4 . . . . . . . . . 2 . . . . Butcher 1 | . . . . . . . . . . . . . . . 1 . . . . Best Kill Streak 7 | . 3 . . . 7 1 2 1 . . . . 1 2 2 . . . 2 Combat Bots Only 4 | . 3 . . . 4 . . . . . . . . . 2 . . . 1 Max Kills in Single Turn 2 | . 1 . . . 2 1 1 1 . . . . 1 1 1 . . . 1 Gunslinging 1 | . . . . . 1 . . . . . . . . . . . . . . Exploded 1 | . . . . . 1 . . . . . . . . . . . . . . Melee 1 | . . . . . 1 . . . . . . . . . 1 . . . . Uniques/NPCs Destroyed . | . . . . . . . . . . . . . . . . . . . . Combat | -11 -10 -10 -10 -9 -8 -7 -7 -6 -6 -6 -6 -5 -5 -4 -4 -4 -3 -2 -1 -------- Run | Yrd Mat Min Exi Min Mat Fac Sto Fac Low Low Zio Pro Fac Fac Ext Cet Res Res Acc Hostile Shots Fired 586 | . 91 . . . 178 . 10 . . . . 85 . 6 61 6 24 20 105 Missed 220 | . 24 . . . 43 . 9 . . . . 45 . 5 33 2 16 10 33 Damage Taken 6661 | . 661 . . . 1664 . 78 80 . . . 697 . 20 501 116 239 468 2137 Core 2004 | . 171 . . . 201 . 45 40 . . . 102 . . 60 . 87 90 1208 Absorbed by Shields . | . . . . . . . . . . . . . . . . . . . . Redirected to Shielding 170 | . . . . . . . . . . . . 76 . . 23 37 34 . . Ignored by Resistances 50 | . . . . . 50 . . . . . . . . . . . . . . Core Remaining (%) 83 | 100 . . . 31 63 . 93 . . . . 83 100 . . 94 93 93 . Volleys Fired 161 | . 51 . . . 66 . . . . . . . . . 18 . 6 5 15 Largest 2 | . 2 . . . 2 . . . . . . . . . 1 . 1 1 1 Hottest 113 | . 40 . . . 74 . . . . . . . . . 30 . 113 113 113 Shots Fired 245 | . 102 . . . 99 . . . . . . . . . 18 . 6 5 15 Gun 184 | . 102 . . . 61 . . . . . . . . . 18 . . 3 . Cannon 55 | . . . . . 32 . . . . . . . . . . . 6 2 15 Launcher 6 | . . . . . 6 . . . . . . . . . . . . . . Special . | . . . . . . . . . . . . . . . . . . . . Kinetic 219 | . 102 . . . 93 . . . . . . . . . 18 . . . 6 Thermal 20 | . . . . . . . . . . . . . . . . . 6 5 9 Explosive 6 | . . . . . 6 . . . . . . . . . . . . . . Electromagnetic . | . . . . . . . . . . . . . . . . . . . . Robot Hit Streak 14 | . 7 . . . 14 . . . . . . . . . 4 . . . 1 Robot Miss Streak 8 | . 3 . . . 4 . . . . . . . . . 4 . . . 8 Penetration Max 1 | . . . . . 1 . . . . . . . . . . . . . . Secondary Targets 1 | . . . . . 1 . . . . . . . . . . . . . . Max Gunslinging Chain 1 | . . . . . 1 . . . . . . . . . . . . . . Shots Hit Robots 225 | . 62 . . . 104 3 7 1 . . . 1 1 7 27 . 6 . 6 Core Hits 109 | . 29 . . . 58 1 1 . . . . . 1 4 10 . 3 . 2 Critical Kills . | . . . . . . . . . . . . . . . . . . . . Critical Parts Destroyed 2 | . 2 . . . . . . . . . . . . . . . . . . Critical Strikes 15 | . 2 . . . 7 . . . . . . . . 2 3 . 1 . . Destroy 2 | . 2 . . . . . . . . . . . . . . . . . . Blast 3 | . . . . . 3 . . . . . . . . . . . . . . Sever 10 | . . . . . 4 . . . . . . . . 2 3 . 1 . . Melee Attacks 240 | . . . . . 74 13 10 8 3 1 . 11 16 20 23 . 36 15 10 Impact . | . . . . . . . . . . . . . . . . . . . . Slashing 204 | . . . . . 74 13 10 8 3 1 . . . 15 23 . 32 15 10 Piercing 36 | . . . . . . . . . . . . 11 16 5 . . 4 . . Sneak Attacks 28 | . . . . . 17 . 1 1 . . . 1 1 . 4 . 1 . 2 Combat Hostiles 1 | . . . . . . . . . . . . 1 . . . . . . . Follow-up Attacks 1 | . . . . . . . . . . . . . . 1 . . . . . Damage Inflicted 7634 | . 593 . . . 4116 157 411 146 . . . 66 73 358 1100 . 284 . 330 Guns 1178 | . 593 . . . 439 . . . . . . . . . 146 . . . . Cannons 408 | . . . . . 327 . . . . . . . . . . . . . 81 Explosions 460 | . . . . . 460 . . . . . . . . . . . . . . Melee 5561 | . . . . . 2890 157 411 146 . . . 66 73 358 927 . 284 . 249 Ramming 27 | . . . . . . . . . . . . . . . 27 . . . . Kinetic 1586 | . 593 . . . 766 . . . . . . . . . 146 . . . 81 Thermal . | . . . . . . . . . . . . . . . . . . . . Explosive 460 | . . . . . 460 . . . . . . . . . . . . . . Electromagnetic . | . . . . . . . . . . . . . . . . . . . . Impact . | . . . . . . . . . . . . . . . . . . . . Slashing 5387 | . . . . . 2890 157 411 146 . . . . . 323 927 . 284 . 249 Piercing 174 | . . . . . . . . . . . . 66 73 35 . . . . . Highest Corruption 14 | . . . . . . . . . . . . 1 1 . . . 1 9 14 Average Corruption 2 | . . . . . . . . . . . . 1 1 . . . 1 9 8 Corruption Purged . | . . . . . . . . . . . . . . . . . . . . Corruption Blocked . | . . . . . . . . . . . . . . . . . . . . Effects 12 | . . . . . . . . . . . . . 4 . . . 2 1 5 Message Errors 1 | . . . . . . . . . . . . . . . . . 1 . . Matter Fused 4 | . . . . . . . . . . . . . 2 . . . 1 . 1 Heat Flow Errors 3 | . . . . . . . . . . . . . 1 . . . . . 2 Energy Discharges 1 | . . . . . . . . . . . . . . . . . . . 1 Parts Rejected 1 | . . . . . . . . . . . . . . . . . . . 1 Data Loss (minor) 1 | . . . . . . . . . . . . . . . . . . 1 . Data Loss (major) 1 | . . . . . . . . . . . . . 1 . . . . . . Overload Shots . | . . . . . . . . . . . . . . . . . . . . Overflow Damage 1178 | . . . . . 548 55 42 126 . . . 36 . 16 128 . 39 . 188 Projectiles 102 | . . . . . 28 . . . . . . . . . . . . . 74 Explosions . | . . . . . . . . . . . . . . . . . . . . Melee 1076 | . . . . . 520 55 42 126 . . . 36 . 16 128 . 39 . 114 Knockbacks 8 | . . . . . 6 . . . . . . . . . 1 . . . 1 Impact 1 | . . . . . . . . . . . . . . . 1 . . . . Kinetic 6 | . . . . . 5 . . . . . . . . . . . . . 1 Secondary 1 | . . . . . 1 . . . . . . . . . . . . . . Self-Inflicted Damage 65 | . . . . . 52 . . . . . . . . . 13 . . . . Shots 3 | . . . . . 3 . . . . . . . . . . . . . . Rammed 3 | . . . . . 1 . . . . . . . . . 1 . . . 1 Targets Rammed 3 | . . . . . 1 . . . . . . . . . 1 . . . 1 Kicked . | . . . . . . . . . . . . . . . . . . . . Crushed . | . . . . . . . . . . . . . . . . . . . . Highest Temperature 392 | . 17 . . . 6 65 45 2 2 2 2 14 206 . 72 4 190 269 392 Average Temperature 35 | . 7 . . . 6 22 16 2 2 2 2 2 43 . 23 4 28 63 90 Received Heat Transfer 870 | . 252 . . . 468 . 6 . . . . 54 . . 36 9 18 27 . Siege Activations . | . . . . . . . . . . . . . . . . . . . . Robots Corrupted . | . . . . . . . . . . . . . . . . . . . . Combat Hostiles . | . . . . . . . . . . . . . . . . . . . . Parts Fried . | . . . . . . . . . . . . . . . . . . . . Impact Corruptions 1 | . . . . . . . . . . . . . . . 1 . . . . Robots Melted . | . . . . . . . . . . . . . . . . . . . . Combat Hostiles . | . . . . . . . . . . . . . . . . . . . . Parts Melted 1 | . . . . . . . . . . . . . . . 1 . . . . Heat Transferred . | . . . . . . . . . . . . . . . . . . . . Parts Sabotaged . | . . . . . . . . . . . . . . . . . . . . Parts Stolen . | . . . . . . . . . . . . . . . . . . . . Parts Stripped . | . . . . . . . . . . . . . . . . . . . . Power Chain Reactions . | . . . . . . . . . . . . . . . . . . . . Alert | -11 -10 -10 -10 -9 -8 -7 -7 -6 -6 -6 -6 -5 -5 -4 -4 -4 -3 -2 -1 ------- Run | Yrd Mat Min Exi Min Mat Fac Sto Fac Low Low Zio Pro Fac Fac Ext Cet Res Res Acc Peak Influence 1150 | . 220 42 . . 242 109 284 128 . . . . 1150 509 371 64 213 159 223 Initial 1101 | . . 42 . . . 63 49 128 . . . . 1101 329 184 64 26 4 95 Average 169 | . 82 42 . . 122 88 114 31 . . . . 1026 421 198 54 76 55 128 Maximum Alert Level 4 | . 1 . . . 1 . 1 . . . . . 4 2 1 . 1 . 1 Low Security (%) 83 | 100 93 100 . 100 95 100 84 100 . . . . . . 40 100 91 100 91 Level 1 9 | . 6 . . . 4 . 15 . . . . . . 37 59 . 8 . 8 Level 2 2 | . . . . . . . . . . . . . 15 62 . . . . . Level 3 1 | . . . . . . . . . . . . . 21 . . . . . . Level 4 3 | . . . . . . . . . . . . . 63 . . . . . . Level 5 . | . . . . . . . . . . . . . . . . . . . . High Security . | . . . . . . . . . . . . . . . . . . . . Max Security . | . . . . . . . . . . . . . . . . . . . . Squads Dispatched 22 | . 2 . . . 4 1 1 . . . . 1 4 . 1 . 3 2 3 Investigation 9 | . . . . . 1 1 1 . . . . . 3 . 1 . . 2 . Extermination 3 | . . . . . . . . . . . . . 1 . . . 1 . 1 Reinforcement 9 | . 2 . . . 3 . . . . . . . . . . . 2 . 2 Assault 1 | . . . . . . . . . . . . 1 . . . . . . . Garrison . | . . . . . . . . . . . . . . . . . . . . Intercept . | . . . . . . . . . . . . . . . . . . . . Searches Triggered 2 | . . . . . . . . . . . . . 1 1 . . . . . Construction Impeded 1 | . . . . . 1 . . . . . . . . . . . . . . Haulers Reinforced . | . . . . . . . . . . . . . . . . . . . . Active Scanning Responses . | . . . . . . . . . . . . . . . . . . . . Cargo Convoy Interrupts . | . . . . . . . . . . . . . . . . . . . . Stealth | -11 -10 -10 -10 -9 -8 -7 -7 -6 -6 -6 -6 -5 -5 -4 -4 -4 -3 -2 -1 --------- Run | Yrd Mat Min Exi Min Mat Fac Sto Fac Low Low Zio Pro Fac Fac Ext Cet Res Res Acc Distress Signals 15 | . 1 . . . 3 . 1 . . . . . . 1 5 1 . 2 1 Communications Jammed 43 | . . . . . . 2 . . . . . . . 11 24 . 5 . 1 Distress Signals 42 | . . . . . . 2 . . . . . . . 11 24 . 5 . . Times Spotted 200 | . 25 . . . 40 2 10 . 1 4 . 40 2 8 19 5 20 12 12 Peak Tracking Total 15 | . 4 . . . 6 1 6 . 1 4 . 15 1 6 6 5 5 8 9 Tactical Retreats 36 | . 1 . . . 4 . 4 . . 1 . 8 1 3 5 . 5 2 2 Traps | -11 -10 -10 -10 -9 -8 -7 -7 -6 -6 -6 -6 -5 -5 -4 -4 -4 -3 -2 -1 ------- Run | Yrd Mat Min Exi Min Mat Fac Sto Fac Low Low Zio Pro Fac Fac Ext Cet Res Res Acc Traps Triggered 10 | . . . . . 2 1 1 1 . . . . 3 . 1 . 1 . . Indirectly . | . . . . . . . . . . . . . . . . . . . . Trap Hack Attempts . | . . . . . . . . . . . . . . . . . . . . Triggered . | . . . . . . . . . . . . . . . . . . . . Disarmed . | . . . . . . . . . . . . . . . . . . . . Reprogrammed . | . . . . . . . . . . . . . . . . . . . . Reused . | . . . . . . . . . . . . . . . . . . . . Traps Extracted . | . . . . . . . . . . . . . . . . . . . . Installed . | . . . . . . . . . . . . . . . . . . . . Triggered 2 | . . . . . . . . . 2 . . . . . . . . . . Machines | -11 -10 -10 -10 -9 -8 -7 -7 -6 -6 -6 -6 -5 -5 -4 -4 -4 -3 -2 -1 ---------- Run | Yrd Mat Min Exi Min Mat Fac Sto Fac Low Low Zio Pro Fac Fac Ext Cet Res Res Acc Machines Disabled 4 | . . . . . . . 1 . . . . . . . 3 . . . . Max in Single Turn 2 | . . . . . . . 1 . . . . . . . 2 . . . . Garrison Access 4 | . . . . . . 1 . . . . . . 1 . . . . 2 . Energy Cycler 2 | . . . . . . . . . . . . . . . 2 . . . . Machines Repaired . | . . . . . . . . . . . . . . . . . . . . Machines Dismantled . | . . . . . . . . . . . . . . . . . . . . Machines Sabotaged . | . . . . . . . . . . . . . . . . . . . . Overloaded Fab Kills . | . . . . . . . . . . . . . . . . . . . . Hacking | -11 -10 -10 -10 -9 -8 -7 -7 -6 -6 -6 -6 -5 -5 -4 -4 -4 -3 -2 -1 --------- Run | Yrd Mat Min Exi Min Mat Fac Sto Fac Low Low Zio Pro Fac Fac Ext Cet Res Res Acc Machines Accessed 63 | . 3 . 2 . 8 3 4 7 1 . . . 11 2 5 . 7 7 3 Terminals 38 | . 1 . . . 6 2 4 5 . . . . 6 1 5 . 4 3 1 Fabricators 1 | . . . . . . . . . . . . . 1 . . . . . . Repair Stations 3 | . . . . . . . . . . . . . . 1 . . 1 1 . Recycling Units 7 | . 2 . . . 1 . . 1 . . . . 2 . . . . . 1 Scanalyzers 4 | . . . . . 1 . . . . . . . 1 . . . 1 1 . Garrison Access 7 | . . . . . . 1 . 1 . . . . 1 . . . 1 2 1 Total Hacks 161 | . 6 . 3 . 18 5 4 15 1 . . . 26 9 23 . 21 26 4 Successful 75 | . 4 . 3 . 6 2 3 6 1 . . . 16 2 9 . 4 19 . Failed 86 | . 2 . . . 12 3 1 9 . . . . 10 7 14 . 17 7 4 Catastrophic 22 | . . . . . 4 2 1 5 . . . . 2 . 3 . 2 1 2 Database Lockouts . | . . . . . . . . . . . . . . . . . . . . Manual 62 | . 1 . 1 . 12 3 1 11 . . 3 . 11 . 10 . 7 1 1 Terminals 103 | . 2 . . . 16 4 4 13 . . . . 17 3 23 . 12 8 1 Fabricators 2 | . . . . . . . . . . . . . 2 . . . . . . Repair Stations 18 | . . . . . . . . . . . . . . 6 . . 3 9 . Recycling Units 9 | . 4 . . . 1 . . 1 . . . . 2 . . . . . 1 Scanalyzers 15 | . . . . . 1 . . . . . . . 4 . . . 3 7 . Garrison Access 10 | . . . . . . 1 . 1 . . . . 1 . . . 3 2 2 Terminal Hacks 40 | . 1 . 3 . 4 1 3 4 1 . . . 8 1 8 . 2 4 . Record 2 | . . . 2 . . . . . . . . . . . . . . . . Open Door 5 | . . . . . . . 3 . 1 . . . . . 1 . . . . Open DSF 1 | . . . . . . . . . . . . . . . . . . 1 . Level Access Points 2 | . . . . . . . . . . . . . . 1 . . 1 . . Terminal Index 4 | . . . . . . . . 1 . . . . 1 . . . 1 1 . Alert Level 2 | . . . . . . . . 1 . . . . . . 1 . . . . Unreport Threat 5 | . . . . . 1 . . 1 . . . . 1 . 2 . . . . Locate Traps 7 | . 1 . . . 2 1 . . . . . . 1 . . . . 2 . Maintenance Status 3 | . . . . . . . . 1 . . . . 1 . 1 . . . . Patrol Status 2 | . . . . . . . . . . . . . 1 . 1 . . . . Recall Investigation 2 | . . . . . . . . . . . . . 2 . . . . . . Recall Extermination 1 | . . . . . . . . . . . . . . . 1 . . . . Recall Reinforcements 1 | . . . . . . . . . . . . . . . 1 . . . . Hauler Manifests 1 | . . . . . 1 . . . . . . . . . . . . . . Zone Layout 1 | . . . . . . . . . . . . . 1 . . . . . . Derelict Proto ID Bank 1 | . . . 1 . . . . . . . . . . . . . . . . Fabricator Hacks 2 | . . . . . . . . . . . . . 2 . . . . . . Load Schematic 1 | . . . . . . . . . . . . . 1 . . . . . . Build 1 | . . . . . . . . . . . . . 1 . . . . . . Repair Station Hacks 10 | . . . . . . . . . . . . . . 1 . . . 9 . Scan Component 5 | . . . . . . . . . . . . . . 1 . . . 4 . Repair 4 | . . . . . . . . . . . . . . . . . . 4 . Refit 1 | . . . . . . . . . . . . . . . . . . 1 . Recycling Unit Hacks 7 | . 3 . . . 1 . . 1 . . . . 2 . . . . . . Report Inventory 6 | . 2 . . . 1 . . 1 . . . . 2 . . . . . . Retrieve Matter 1 | . 1 . . . . . . . . . . . . . . . . . . Scanalyzer 9 | . . . . . 1 . . . . . . . 2 . . . 2 4 . Insert Component 6 | . . . . . 1 . . . . . . . 1 . . . 2 2 . Analyze 3 | . . . . . . . . . . . . . 1 . . . . 2 . Garrison Access Hacks 4 | . . . . . . 1 . . . . . . 1 . . . . 2 . Seal Access 4 | . . . . . . 1 . . . . . . 1 . . . . 2 . Unauthorized Hacks 3 | . . . . . . . . 1 . . . . 1 . 1 . . . . Terminals 3 | . . . . . . . . 1 . . . . 1 . 1 . . . . Assimilate 1 | . . . . . . . . . . . . . 1 . . . . . . Botnet 2 | . . . . . . . . 1 . . . . . . 1 . . . . Fabricators . | . . . . . . . . . . . . . . . . . . . . Repair Stations . | . . . . . . . . . . . . . . . . . . . . Recycling Units . | . . . . . . . . . . . . . . . . . . . . Scanalyzers . | . . . . . . . . . . . . . . . . . . . . Garrison Access . | . . . . . . . . . . . . . . . . . . . . Data Cores Recovered 3 | . . . . . . . . 1 . . . . . 1 1 . . . . Used 3 | . . . . . . . . 1 . . . . . 1 1 . . . . Hacking Detections 46 | . 3 . . . 6 2 1 7 . . . . 9 2 3 . 6 4 3 Full Trace Events 7 | . 1 . . . 1 . . . . . . . 2 . 1 . . 2 . Feedback Events 1 | . . . . . . . . . . . . . 1 . . . . . . Corruption 1 | . . . . . . . . . . . . . 1 . . . . . . Feedback Blocked . | . . . . . . . . . . . . . . . . . . . . Robot Schematics Acquired 3 | . . . . . . . . . . . 3 . . . . . . . . Robots Built . | . . . . . . . . . . . . . . . . . . . . Authchips . | . . . . . . . . . . . . . . . . . . . . Time . | . . . . . . . . . . . . . . . . . . . . Total Robot Build Rating . | . . . . . . . . . . . . . . . . . . . . Part Schematics Acquired 17 | . . . . . . . . . . . 14 . 1 . . . . 2 . Parts Built 2 | . . . . . . . . . . . . . 2 . . . . . . Authchips . | . . . . . . . . . . . . . . . . . . . . Time 117 | . . . . . . . . . . . . . 117 . . . . . . Total Part Build Rating 14 | . . . . . . . . . . . . . 14 . . . . . . Parts Repaired 3 | . . . . . . . . . . . . . . . . . . 3 . Time 218 | . . . . . . . . . . . . . . . . . . 218 . Parts Recycled . | . . . . . . . . . . . . . . . . . . . . Recycled Matter . | . . . . . . . . . . . . . . . . . . . . Retrieved Matter . | . . . . . . . . . . . . . . . . . . . . Retrieved Components . | . . . . . . . . . . . . . . . . . . . . Parts Scanalyzed 3 | . . . . . . . . . . . . . 1 . . . . 2 . Part Schematics Acquired 3 | . . . . . . . . . . . . . 1 . . . . 2 . Parts Damaged . | . . . . . . . . . . . . . . . . . . . . Bothacking | -11 -10 -10 -10 -9 -8 -7 -7 -6 -6 -6 -6 -5 -5 -4 -4 -4 -3 -2 -1 ------------ Run | Yrd Mat Min Exi Min Mat Fac Sto Fac Low Low Zio Pro Fac Fac Ext Cet Res Res Acc Used RIF Installer . | . . . . . . . . . . . . . . . . . . . . Robots Hacked . | . . . . . . . . . . . . . . . . . . . . Non-combat . | . . . . . . . . . . . . . . . . . . . . Combat . | . . . . . . . . . . . . . . . . . . . . Robot Hacks Applied . | . . . . . . . . . . . . . . . . . . . . Relay Couplers Released . | . . . . . . . . . . . . . . . . . . . . Fabnet Peak Effective % . | . . . . . . . . . . . . . . . . . . . . Robots Rewired . | . . . . . . . . . . . . . . . . . . . . Allies Hacked . | . . . . . . . . . . . . . . . . . . . . Hacks Repelled . | . . . . . . . . . . . . . . . . . . . . Allies | -11 -10 -10 -10 -9 -8 -7 -7 -6 -6 -6 -6 -5 -5 -4 -4 -4 -3 -2 -1 -------- Run | Yrd Mat Min Exi Min Mat Fac Sto Fac Low Low Zio Pro Fac Fac Ext Cet Res Res Acc Total Allies 12 | . . . . . . . 1 . . . . . 1 . 10 . . . . Largest Group 7 | . . . . . . . 1 1 . . . . 1 . 7 . . . . Highest-Rated Group 288 | . . . . . . . 100 93 . . . . 26 . 288 . . . . Highest-Rated Ally 100 | . . . . . . . 100 93 . . . . 26 . 51 . . . . Total Orders 1 | . . . . . . . . . . . . . 1 . . . . . . STAY 1 | . . . . . . . . . . . . . 1 . . . . . . Ally Attacks 33 | . . . . . . . 7 . . . . . . . 26 . . . . Total Damage 1194 | . . . . . . . 241 . . . . . . . 953 . . . . Kills 10 | . . . . . . . 2 . . . . . . . 8 . . . . Allies Corrupted . | . . . . . . . . . . . . . . . . . . . . Allies Melted . | . . . . . . . . . . . . . . . . . . . . Intel | -11 -10 -10 -10 -9 -8 -7 -7 -6 -6 -6 -6 -5 -5 -4 -4 -4 -3 -2 -1 ------- Run | Yrd Mat Min Exi Min Mat Fac Sto Fac Low Low Zio Pro Fac Fac Ext Cet Res Res Acc Robot Analysis Total . | . . . . . . . . . . . . . . . . . . . . Derelict Logs Recovered 7 | . . . . 1 . . . . 2 1 1 2 . . . . . . . Drone Launches . | . . . . . . . . . . . . . . . . . . . . Drone Recoveries . | . . . . . . . . . . . . . . . . . . . . Exploration | -11 -10 -10 -10 -9 -8 -7 -7 -6 -6 -6 -6 -5 -5 -4 -4 -4 -3 -2 -1 ------------- Run | Yrd Mat Min Exi Min Mat Fac Sto Fac Low Low Zio Pro Fac Fac Ext Cet Res Res Acc Turns Passed 9859 | 61 1327 71 385 26 3724 325 271 238 230 149 210 300 473 289 514 22 524 366 354 Spaces Moved 13966 | 35 661 39 238 17 1358 866 616 837 939 561 879 1069 1214 490 850 65 1456 902 874 Core 36 | 5 . . . . . . . . . . . . . . . . . . 31 Treads 2028 | 30 661 39 238 17 1043 . . . . . . . . . . . . . . Legs . | . . . . . . . . . . . . . . . . . . . . Wheels 312 | . . . . . 311 . . . . . . . . . . . . . 1 Hover . | . . . . . . . . . . . . . . . . . . . . Flight 11590 | . . . . . 4 866 616 837 939 561 879 1069 1214 490 850 65 1456 902 842 Fastest Speed 20 | 50 160 160 160 160 96 23 23 23 23 23 23 23 20 20 20 24 20 21 21 Average Speed 49 | 144 168 160 160 160 188 23 23 23 23 23 23 24 27 20 24 25 22 21 25 Slowest Speed 240 | 160 240 160 160 160 240 23 23 23 23 23 93 93 96 23 90 27 24 28 98 Overloaded Moves . | . . . . . . . . . . . . . . . . . . . . Propulsion Burnouts . | . . . . . . . . . . . . . . . . . . . . Robots Hopped 47 | . . . . . . . 9 2 . . . 2 . 1 19 . 6 5 3 Cave-ins Triggered 1 | . . . . . . . . . . . . . . . . . . 1 . Exploration Rate (%) 45 | 4 79 8 64 10 66 19 67 21 82 70 82 96 28 10 82 22 43 24 25 Regions Visited 19 Branch Regions 10 Pre-discovered Areas 4 | . . . 1 . . . . . 1 1 1 . . . . . . . . Known Exits Taken 7 | . . . . . . . . . . . 1 . 1 1 1 1 1 1 . Unknown Exits Taken 12 | 1 1 1 1 1 1 1 1 1 1 1 . 1 . . . . . . . Scrap Searched 6 | . . . . . . . . . 2 . 2 2 . . . . . . . Spaces Dug 122 | . . . . . 20 9 . 7 . . . 8 15 12 4 . 24 11 12 Terrain Destroyed 183 | . . . . . 52 9 . 7 . . . 8 15 12 27 . 24 11 18 Melee 108 | . . . . . 20 9 . 7 . . . 8 15 12 4 . 18 10 5 Projectile 23 | . . . . . 2 . . . . . . . . . 1 . 6 1 13 AOE 50 | . . . . . 30 . . . . . . . . . 20 . . . . Terrain Rammed . | . . . . . . . . . . . . . . . . . . . . Walls Destroyed . | . . . . . . . . . . . . . . . . . . . . Machines Disabled . | . . . . . . . . . . . . . . . . . . . . Actions | -11 -10 -10 -10 -9 -8 -7 -7 -6 -6 -6 -6 -5 -5 -4 -4 -4 -3 -2 -1 --------- Run | Yrd Mat Min Exi Min Mat Fac Sto Fac Low Low Zio Pro Fac Fac Ext Cet Res Res Acc Total 16309 | 43 794 48 241 16 2355 979 725 871 949 578 881 1084 1322 656 1095 69 1586 1044 973 Wait 1640 | . 52 7 . . 730 76 101 17 8 15 . . 71 135 189 3 65 114 57 Move 13865 | 34 660 38 237 16 1357 865 598 832 938 560 878 1065 1213 487 821 64 1443 891 868 Hop 35 | . . . . . . . 8 2 . . . 1 . 1 9 . 6 5 3 Pick Up 93 | 3 12 . . . 36 8 1 5 . . . . 7 4 3 . 9 3 2 Fast Attach 30 | 6 1 . 1 . 3 . 1 . . . 1 1 4 1 3 . 1 2 5 Attach 52 | . 1 . 1 . 17 2 . 2 . . . 3 3 3 2 1 7 3 7 Detach 21 | . . 2 . . 5 1 1 . . . 1 1 . 1 2 . 1 2 4 Swap 96 | . 7 1 2 . 39 7 3 3 . 2 . 2 5 2 10 1 8 3 1 Drop 73 | . 10 . . . 34 7 2 2 . . 1 . 3 3 6 . 4 1 . Fire 161 | . 51 . . . 66 . . . . . . . . . 18 . 6 5 15 Melee 232 | . . . . . 67 13 10 8 3 1 . 11 16 19 23 . 36 15 10 Ram 2 | . . . . . . . . . . . . . . . 1 . . . 1 Kick . | . . . . . . . . . . . . . . . . . . . . Crush 1 | . . . . . 1 . . . . . . . . . . . . . . Escape Stasis 8 | . . . . . . . . . . . . . . . 8 . . . . Rewire . | . . . . . . . . . . . . . . . . . . . . Trap . | . . . . . . . . . . . . . . . . . . . . Miscellaneous . | . . . . . . . . . . . . . . . . . . . . Route ------- -11/Scrapyard -10/Materials (discovered 3 exits: [*Mat] / [*Min x2]) -10/Mines -10/Exiles -9/Mines -8/Materials (discovered 2 exits: *Fac x2) -7/Factory -7/Storage -6/Factory -6/Lower Caves -6/Lower Caves (discovered 2 exits: *Fac / *Zio) -6/Zion -5/Proximity Caves -5/Factory (discovered 3 exits: *Fac / *Upp x2) -4/Factory (discovered 5 exits: Res x4 / *Ext) -4/Extension (discovered 3 exits: *Res x2 / *Cet) -4/Cetus -3/Research (discovered 3 exits: *Res x3) -2/Research -1/Access History --------- Turn | Location | Event 16 | -11/Scrapyard | Discovered new exit (range 16) 62 | -11/Scrapyard | Entered Materials 254 | -10/Materials | Discovered new exit (range 16) 309 | -10/Materials | Build established: Mutant 640 | -10/Materials | Build established: Scavenger-Mutant 951 | -10/Materials | Discovered new exit (range 14) 1132 | -10/Materials | Discovered new exit (range 7) 1177 | -10/Materials | Core integrity fell below 50% 1389 | -10/Materials | Entered Mines 1451 | -10/Mines | Deemed a non-threat by the Exiles lab entrance 1452 | -10/Mines | Discovered new exit (range 5) 1460 | -10/Mines | Entered Exiles 1499 | -10/Exiles | Met 8R-AWN 1523 | -10/Exiles | Met EX-HEX 1571 | -10/Exiles | Met EX-BIN 1590 | -10/Exiles | Aligned with FarCom system 1592 | -10/Exiles | Given EX-Vault access code 1628 | -10/Exiles | Opened EX-Vault 1641 | -10/Exiles | Found Longsword +1 1675 | -10/Exiles | Warned to stay clear of 0b10 Research branches 1729 | -10/Exiles | Learned location of Zion (-6) 1731 | -10/Exiles | Met EX-DEC 1822 | -10/Exiles | Discovered new exit (range 14) 1845 | -10/Exiles | Left Exiles lab with Longsword +1 1845 | -10/Exiles | Entered Mines 1845 | -9/Mines | Discovered new exit (range 11) 1850 | -9/Mines | Learned 2 Materials zone layouts 1871 | -9/Mines | Entered Materials 1871 | -8/Materials | Evolved 4 slots: Propulsion x2, Utility x2 3818 | -8/Materials | Build established: Mutant 4161 | -8/Materials | Discovered new exit (range 3) 4797 | -8/Materials | Discovered new exit (range 15) 5116 | -8/Materials | Build established: Scavenger-Mutant 5595 | -8/Materials | Entered Factory 5595 | -7/Factory | Evolved 2 slots: Propulsion x1, Utility x1 5866 | -7/Factory | Build established: Hacker-Sprinter 5882 | -7/Factory | Discovered new exit (range 13) 5920 | -7/Factory | Entered Storage 5998 | -7/Storage | Found Prototype Launcher 5998 | -7/Storage | Identified Scatter Rocket Array 6032 | -7/Storage | Discovered new exit (range 15) 6111 | -7/Storage | Met 01-MTF 6191 | -7/Storage | Entered Factory 6191 | -6/Factory | Accompanied by 1 ally (01-MTF) 6191 | -6/Factory | Evolved 2 slots: Utility x2 6196 | -6/Factory | 01-MTF left 6416 | -6/Factory | Discovered new exit (range 13) 6429 | -6/Factory | Entered Lower Caves 6430 | -6/Lower Caves | Learned Factory emergency access door positions 6450 | -6/Lower Caves | Spotted B-75 Beast 6586 | -6/Lower Caves | Learned location of Extension (-4) 6592 | -6/Lower Caves | Discovered new exit (range 12) 6659 | -6/Lower Caves | Entered another Lower Caves area 6705 | -6/Lower Caves | Discovered new exit (range 13) 6731 | -6/Lower Caves | Encountered a Warlord checkpoint 6796 | -6/Lower Caves | Discovered new exit (range 17) 6808 | -6/Lower Caves | Entered Zion 6813 | -6/Zion | Acquired unknown access codes intercepted by a Zionite 6822 | -6/Zion | Learned location of Armory (-3) 6854 | -6/Zion | Found CR-A16's Pointy Stick 6897 | -6/Zion | Received a visual enhancement algorithm 6973 | -6/Zion | Given A8's code to call for help 6977 | -6/Zion | Identified exit to Proximity Caves 7018 | -6/Zion | Entered Proximity Caves 7021 | -5/Proximity Caves | Spotter reported a threat 7113 | -5/Proximity Caves | Spotter reported a threat 7128 | -5/Proximity Caves | Attracted the attention of an 0b10 checkpoint 7128 | -5/Proximity Caves | Spotter reported a threat 7144 | -5/Proximity Caves | Learned 4 Factory zone layouts 7166 | -5/Proximity Caves | Spotter reported a threat 7181 | -5/Proximity Caves | Spotter reported a threat 7189 | -5/Proximity Caves | Attracted the attention of an 0b10 outpost 7230 | -5/Proximity Caves | Spotter reported a threat 7237 | -5/Proximity Caves | Spotter reported a threat 7290 | -5/Proximity Caves | Spotter reported a threat 7317 | -5/Proximity Caves | Discovered new exit (range 2) 7318 | -5/Proximity Caves | Entered Factory 7318 | -5/Factory | Evolved 2 slots: Power x1, Propulsion x1 7319 | -5/Factory | Identified exit to Upper Caves 7544 | -5/Factory | Fabricated Lgt. Antimatter Reactor? 7597 | -5/Factory | Discovered exit to Upper Caves (range 2) 7618 | -5/Factory | Search patrols dispatched 7763 | -5/Factory | Discovered new exit (range 16) 7768 | -5/Factory | Identified exit to Factory 7791 | -5/Factory | Entered another Factory area 7791 | -4/Factory | Evolved 2 slots: Utility x2 7858 | -4/Factory | Identified exit to Research 7964 | -4/Factory | Discovered new exit (range 15) 7967 | -4/Factory | Identified exit to Extension 8041 | -4/Factory | Search patrols dispatched 8080 | -4/Factory | Entered Extension 8179 | -4/Extension | Rescued a captive Derelict 8180 | -4/Extension | Rescued a captive Derelict 8192 | -4/Extension | Energy Cycler disabled 8192 | -4/Extension | Rescued a captive Derelict 8193 | -4/Extension | Rescued a captive Derelict 8193 | -4/Extension | Rescued a captive Derelict 8194 | -4/Extension | Rescued a captive Derelict 8195 | -4/Extension | Rescued a captive Derelict 8196 | -4/Extension | Rescued a captive Derelict 8200 | -4/Extension | Rescued a captive Derelict 8211 | -4/Extension | Rescued a captive Derelict 8212 | -4/Extension | Rescued a captive Derelict 8214 | -4/Extension | Rescued a captive Derelict 8321 | -4/Extension | Spotted B-86 Titan 8350 | -4/Extension | Lost 5 allies 8390 | -4/Extension | Warlord forces began an assault 8394 | -4/Extension | Spotted B-86 Titan 8394 | -4/Extension | Discovered exit to Research (range 14) 8432 | -4/Extension | Lost 7 allies 8496 | -4/Extension | Extracted ID and sensor layout for unrecognized location from A7's data core 8526 | -4/Extension | Lost 6 allies 8589 | -4/Extension | Discovered exit to Research (range 10) 8589 | -4/Extension | Discovered new exit (range 6) 8593 | -4/Extension | Identified exit to Cetus 8594 | -4/Extension | Entered Cetus 8604 | -4/Cetus | Spotted Cetus Guard 8604 | -4/Cetus | Spotted Cetus Guard 8605 | -4/Cetus | Spotted Cetus Guard 8605 | -4/Cetus | Spotted Cetus Guard 8611 | -4/Cetus | Discovered exit to Research (range 16) 8616 | -4/Cetus | Entered Research 8616 | -3/Research | Evolved 2 slots: Propulsion x1, Utility x1 8652 | -3/Research | Discovered new exit (range 16) 8655 | -3/Research | Identified exit to Research 8741 | -3/Research | Found Prototype Processor 8790 | -3/Research | Found Prototype Processor 8927 | -3/Research | Spotted B-86 Titan 8952 | -3/Research | Identified Exp. Melee Analysis Suite 8952 | -3/Research | Identified Exp. Target Analyzer 9140 | -3/Research | Entered another Research area 9140 | -2/Research | Evolved 2 slots: Propulsion x1, Utility x1 9365 | -2/Research | Repaired Imp. VTOL Module 9365 | -2/Research | Repaired Imp. VTOL Module 9365 | -2/Research | Repaired Imp. VTOL Module 9425 | -2/Research | Spotted B-90 Cyclops 9477 | -2/Research | Crushed by falling debris 9503 | -2/Research | Discovered new exit (range 8) 9506 | -2/Research | Identified exit to Access 9506 | -2/Research | Entered Access 9506 | -1/Access | Evolved 2 slots: Utility x2 9508 | -1/Access | Lost 3 parts (3u) 9792 | -1/Access | Spotted B-99 Colossus 9792 | -1/Access | Spotted B-99 Colossus 9805 | -1/Access | Lost 6 parts (3n2u1w) 9824 | -1/Access | System corruption reached 10% 9839 | -1/Access | Core integrity fell below 50% 9860 | -1/Access | Self-destructed Last Messages --------------- 09823_ Med. Storage Unit destroyed. 09824_ Nova Cannon severed. 09824_ Slammed into C-57 Dissector. 09826_ Acquired Prototype Wheel. 09826_ Identified Hdn. Centrium Wheel. 09827_ Hdn. Centrium Wheel severed. 09832_ Hacking Suite severed. 09838_ P-80 Master resets C-57 Dissector, system corruption cleaned. 09843_ Acquired Linear Accelerator. 09845_ System corrupted: Heat flow error (+228). 09845_ Destroyed Adv. Surge Thruster. 09845_ C-57 Dissector destroyed. 09847_ Linear Accelerator severed. 09849_ Acquired Linear Accelerator. 09850_ Linear Accelerator severed. 09852_ Acquired Linear Accelerator. 09858_ Destroyed Adv. Reaction Control System. 09858_ Destroyed Adv. Surge Thruster. 09858_ C-57 Dissector knocked back. 09860_ System corrupted: Energy discharge (-17). Map ----- +----------------------------------------------------+ | ?????# = + ! | | ?????# ##/########## | | ?????# ###################### ???????## | | ?????# #????????????????????? ???????## "" = | | ?????# #????????????????????# !??????## "" | | ?????# #????????????????????# [??????##"""""" | | ?????# #????????????????????######?????##"""""" | | ?????# #???????????????????????????????## "" | | ?????# #######"????????????????????????## "" | | ?????# """T""""????????????????????????## | | ?????# """ """??????????????BB??? ###### | | ?????# "????????????? BB ############+# | | ?????# "????????????" | | ?????# "????????????" | | ?????# "????????????" | | ?????# "????????????? | | ?????# "????????????? BB ########## | | ?????# ]!"??????????????BB??? ########## | | ?????# *="????????????????????????????## | | ?????# #######"???##???????????????????????## | | ?????# #??????????# #??????????????????????## | | ?????# #???????????# #?????????????????????## | | ?????# #??????????###;##########??????????? # | | ?????# #??????????# #??????????? # | | ?????# ############ #??????????? # | | ###### # c@ !!!#??????????? # | | p#u %% !!!#??????????? / | | p !!!#??????????? # | | # #??????????? # | | ##;###p#######??????????? # | | #????????????????? # | | #????????????????? # " | | #????????????????? # | | +????????????????? # ? | | #??????????????????????? | | ####+### #??????????????????????? | | ??? ??# #??????????????????????? | | ??? ??# #??????????????????????? | | ???????# #??????????????????????? | | ???????# ########??????????????????????? | | ???????# #?????????????????????????????? | | ???????# #?????????????????????????????? | | ???????? #?????????????????????????????? | | ?????????? ???????????????????????????????? | | ?????????????????????????????????????????????????? | | ?????????????????????????????????????????????????? | | ?????????????????????????????????????????????????? | | ??????????????????????????????????????????? ###### | | ??????????????????????????????????????????? ###### | | ??????????????????????????????????????????? # ## | +----------------------------------------------------+ Best States ------------- Heat Dissipation 55 Energy Generation 33 Energy Capacity 275 Matter Stores 300 Matter Capacity 300 Sight Range 22 Robot Scan Range 18 Terrain Scan Density 10 ECM Strength 1 Jamming Range 16 Armor Coverage 375 Resistance: TH 10 Propulsion Shielding 66 Utility Shielding 66 Evasion (%) 66 Recoil Reduction 4 Offensive Hacking 42 Defensive Hacking 36 Item Schematics ----------------- Fission Core | -6/Zion | Archive Imp. Arc Projector | -6/Zion | Archive Lgt. Fission Core | -6/Zion | Archive Adv. Trap Extractor | -6/Zion | Archive Beamcaster | -6/Zion | Archive Phasing Sabre | -6/Zion | Archive Imp. Particle Charger | -6/Zion | Archive Adv. Hardlight Generator | -6/Zion | Archive Lgt. Antimatter Reactor | -6/Zion | Archive Plasma Rifle | -6/Zion | Archive Mak. Trap Scanner | -6/Zion | Archive Adv. Cooling System | -6/Zion | Archive EM Disruption Field | -6/Zion | Archive Imp. Component Analysis Suite | -6/Zion | Archive Imp. Cesium-ion Thruster | -5/Factory | Scanalyzed Imp. Hacking Suite | -2/Research | Scanalyzed Imp. VTOL Module | -2/Research | Scanalyzed Robot Schematics ------------------ M-14 Sweeper | -6/Zion | Archive B-48 Gladiator | -6/Zion | Archive A-15 Conveyor | -6/Zion | Archive Fabricated ------------ Lgt. Antimatter Reactor | x2 | -5/Factory Alien Tech Used ----------------- None Achievements -------------- Cya! Dynamic Key Explorer Total Silence Challenges ------------ None Game ------ Seed LightpackDerelictTrap Manual? 0 Play Time 03:12:52 Cumulative 36.0 hours Start 2024.06.18 @ 23:36:09 End 2024.06.19 @ 05:59:52 Sessions 9 Manual Loads 0 Difficulty Rogue Special Mode None Game No. 42 Rogue 35 Adventurer 7 Explorer 0 Win Type - Total 1 Types 1/0/0/0/0/0/0/0/0 Lore% 13 Gallery% 30 Achievement% 32 Wizard Run 0 Options --------- Layout 0 ASCII 0 Keyboard 0 Movement Mouse Keybinds 0 Fullscreen 2 Font 24/Smallcaps Map View 113x50 Zoom Use 0% Tactical HUD 1 Map Filters NONE Filters NONE Steam 1 RUN: 55ed821b-71ce-41fe-8edf-8f030ed338e1